 Dungeon Crawl Stone Soup version 0.28-a0-94-g325244837d (webtiles) character file.

Game seed: 5258047190763087293

20 Mozzess the Skirmisher (level 2, 0/24 HPs)
             Began as a Demonspawn Abyssal Knight on Aug 7, 2021.
             Was an Initiate of Lugonu.
             Slain by a ball python (2 damage)
             ... on level 1 of the Dungeon.
             The game lasted 00:11:46 (3913 turns).

Mozzess the Skirmisher (Demonspawn Abyssal Knight)  Turns: 3913, Time: 00:11:46

Health: 0/24       AC:  6    Str: 12    XL:     2   Next: 58%
Magic:  3/3        EV:  6    Int: 13    God:    Lugonu [......]
Gold:   17         SH:  0    Dex: 12    Spells: 1/1 levels left

rFire   . . .      SeeInvis .   a - +1 mace
rCold   . . .      Faith    .   (no shield)
rNeg    . . .      Spirit   .   f - +0 scale mail
rPois   .          Reflect  .   (helmet restricted)
rElec   .          Harm     .   (no cloak)
rCorr   .          Rampage  .   (no gloves)
Will    .....                   (no boots)
Stlth   ..........              (no amulet)
HPRegen 0.08/turn               (no ring)
MPRegen 0.08/turn               (no ring)

@: constricted
A: antennae 1
a: Renounce Religion


You were on level 1 of the Dungeon.
You worshipped Lugonu.
Lugonu was noncommittal.
You visited 1 branch of the dungeon, and saw 1 of its levels.
You visited the Abyss 1 time.

You collected 17 gold pieces.

Inventory:

Hand Weapons
 a - a +1 mace (weapon)
 d - a +2 antimagic falchion
Armour
 b - a +0 leather armour
 e - a +0 leather armour
 f - a +0 scale mail (worn)
Scrolls
 c - a scroll of teleportation {unknown}


   Skills:
 + Level 3.4 Fighting
 + Level 2.2 Maces & Flails
 + Level 1.8 Armour
 + Level 1.0 Dodging
 + Level 0.4 Stealth
 + Level 2.6 Invocations


You had one spell level left.
You didn't know any spells.
Your spell library was empty.

Dungeon Overview and Level Annotations

Branches:
Dungeon (1/15)

Altars:


Innate Abilities, Weirdness & Mutations

You have a pair of small antennae on your head.


Message History

Unknown command.
Unknown command.
You escape the ball python's grasp.
The bat closely misses you. The bat barely misses you.
The bat hits you but does no damage.
The kobold throws a stone.
The stone hits you but does no damage.
You see here a giant cockroach corpse.
The bat closely misses you. The bat barely misses you.
You miss the bat. The bat hits you but does no damage.
The bat completely misses you.
The ball python bites you but does no damage.
The ball python grabs you. The ball python constricts you.
You barely miss the bat. The bat barely misses you.
The ball python bites you but does no damage.
The ball python constricts you. The bat completely misses you.
The ball python barely misses you. The ball python constricts you.
You hit the bat.
You kill the bat!
Lugonu accepts your kill.
The kobold hits you with a +0 short sword.
The ball python bites you.
* * * LOW HITPOINT WARNING * * *
The ball python constricts you.
You escape the ball python's grasp.
The kobold hits you with a +0 short sword.
* * * LOW HITPOINT WARNING * * *
The ball python barely misses you. The ball python grabs you.
* * * LOW HITPOINT WARNING * * *
The ball python constricts you.
There is an open door here.
You hit the kobold.
You kill the kobold!
Lugonu accepts your kill. The ball python barely misses you.
The ball python constricts you. The ball python closely misses you.
The ball python constricts you.
Your scale mail prevents you from hitting the ball python.
The ball python closely misses you.
* * * LOW HITPOINT WARNING * * *
The ball python constricts you.
You completely miss the ball python. The ball python bites you.
You die...

# ......#[...# # #
......#....# # .##
......#....#
####..#.....!...#....#
..............(......+
...##............†...#
...# #.#########.....#
...# ..# #)S...# ...# #.#
####@##### ...####.##
#.....# .........#
#.....####### .......#.##
#...........# .......#..#
#...........#
.......##.######'.......#
.......##..# ###'.......#
.......###.###.......####
.......# #...........#


You could see a ball python.

Vanquished Creatures
  A dart slug (D:1)
  A ball python (D:1)
  2 endoplasms (D:1)
  2 giant cockroaches (D:1)
  A hobgoblin (D:1)
  2 jackals (D:1)
  A kobold (D:1)
  2 bats (D:1)
  4 rats (D:1)
16 creatures vanquished.

Notes
Turn   | Place    | Note
-------+----------+-------------------------------------------
     0 | Abyss:1  | Mozzess the Demonspawn Abyssal Knight began the quest for
                  | the Orb.
     0 | Abyss:1  | Reached XP level 1. HP: 18/18 MP: 2/2
    75 | D:1      | Escaped the Abyss
   147 | D:1      | Reached skill level 1 in Dodging
   157 | D:1      | Reached * piety under Lugonu
   198 | D:1      | Gained mutation: You have a pair of small antennae on your
                  | head. [demonic ancestry]
   198 | D:1      | Reached XP level 2. HP: 5/24 MP: 3/3
  3913 | D:1      | Slain by a ball python

Illustrated notes

Levels and vault maps discovered:
D:1:      shiori_shiawase, layout_basic

Skill      XL: |  1 |
---------------+----+-----
Dodging        | 1 |  1.0
Maces & Flails | 2 |  2.2
Fighting       | |  3.4
Armour         | |  1.8
Stealth        | |  0.4
Invocations    | |  2.6

Action                   || total
-------------------------++-------
Melee: Mace              ||    45
Invok: Depart the Abyss  ||     1
Armor: Leather armour    ||    13
       Scale mail        ||    21
Dodge: Dodged            ||    47

Table legend: (Time is in decaauts)
 A = Elapsed time spent in this place.
 B = Non-inter-level travel time spent in this place.
 C = Inter-level travel time spent in this place.
 D = Time resting spent in this place.
 E = Time spent auto-exploring this place.
 F = Levels seen in this place.
 G = Mean time per level.
                   A        B        C        D        E       F      G
               +--------+--------+--------+--------+--------+-----+--------+
         Total |   3926 |   3926 |      0 |   3268 |     37 |   2 | 1963.0 |
       Dungeon |   3851 |   3851 |      0 |   3268 |     37 |   1 | 3851.0 |
         Abyss |     75 |     75 |      0 |      0 |      0 |   1 |   75.0 |
               +--------+--------+--------+--------+--------+-----+--------+

Top non-repeatable levels by time:
     D:1: 3851 daAuts
 Abyss:1: 75 daAuts
